Map: Ulrena

Players

OnyX

  • Race: Protoss Protoss
  • League: Silver
  • Spawn Location: 11:00

zidar - Winner!

  • Race: Zerg Zerg
  • League: Gold
  • Spawn Location: 7:00

VOD

Have the link to the VOD?

Description

Time

  • Played on: May 22, 2016, 9:23 a.m.
  • Length: 12:02
Show
View Real Time Build Order
Export as new Build Order

OnyX Protoss 

Build Orders: Oracle Opening 

Get SALT Encoding   

  12  0:01  Probe (Chrono Boost)  
  13  0:11  Probe (Chrono Boost)  
  14  0:18  Pylon  
  14  0:23  Probe (Chrono Boost)  
  15  0:37  Gateway  
  15  0:41  Probe (Chrono Boost)  
  16  1:02  Pylon  
  16  1:10  Pylon  
  16  1:15  Assimilator  
  16  1:17  Probe (Chrono Boost), Assimilator  
  17  1:29  Probe (Chrono Boost)  
  18  1:39  Probe (Chrono Boost)  
  19  1:42  Pylon  
  19  1:50  Probe (Chrono Boost)  
  19  1:53  Cybernetics Core  
  20  2:00  Probe (Chrono Boost)  
  21  2:11  Probe (Chrono Boost)  
  22  2:28  Pylon  
  22  2:32  Stargate  
  22  2:34  Probe (Chrono Boost)  
  22  2:36  Stalker  
  25  2:40  Warp Gate (Chrono Boost)  
  25  2:45  Probe  
  26  2:57  Mothership Core  
  28  3:19  Oracle (Chrono Boost)  
  31  3:54  Oracle (Chrono Boost)  
  34  4:39  Pylon  
  34  4:42  Nexus  
  34  4:51  Pylon  
  33  5:16  Pylon  
  33  5:21  Pylon  
  33  5:34  Oracle (Chrono Boost)  
  21  6:36  Nexus  
  21  6:39  Pylon  
  21  6:40  Oracle (Chrono Boost)  
  21  6:42  Pylon  
  21  6:45  Probe (Chrono Boost)  
  25  6:56  Probe (Chrono Boost)  
  26  7:03  Gateway  
  26  7:05  Gateway  
  26  7:06  Probe (Chrono Boost)  
  26  7:07  Gateway, Stalker  
  29  7:17  Probe (Chrono Boost)  
  29  7:19  Oracle (Chrono Boost), Assimilator  
  29  7:21  Assimilator  
  33  7:27  Probe (Chrono Boost)  
  34  7:31  Pylon  
  34  7:38  Probe (Chrono Boost)  
  35  7:48  Probe  
  35  7:50  Probe  
  37  8:00  Probe x2  
  37  8:01  Oracle (Chrono Boost)  
  42  8:11  Probe  
  42  8:13  Probe  
  44  8:25  Probe  
  42  8:34  Oracle (Chrono Boost)  
  45  8:53  Probe  
  45  8:54  Probe  
  47  8:56  Pylon  
  47  9:03  Probe  
  47  9:05  Oracle (Chrono Boost)  
  47  9:06  Probe  
  52  9:18  Probe  
  41  9:36  Oracle (Chrono Boost)  
  41  9:57  Probe  
  41  9:58  Probe  
  43  10:00  Robotics Facility  
  43  10:08  Probe  
  43  10:11  Probe  
  45  10:18  Probe  
  46  10:23  Probe  
  47  10:31  Zealot x3  
  34  11:05  Stalker x2  
  34  11:06  Stalker  
  44  11:25  Mothership Core  
  44  11:28  Gateway  
  44  11:29  Gateway  
  39  11:36  Stalker  
Show
View Real Time Build Order
Export as new Build Order

zidar Zerg - Winner!

Build Orders: Pool First 

Get SALT Encoding   

  12  0:01  Drone  
  13  0:12  Overlord  
  13  0:17  Drone  
  14  0:30  Drone x2  
  16  0:37  Drone  
  17  0:48  Spawning Pool  
  17  0:49  Drone  
  17  1:16  Drone  
  18  1:19  Extractor  
  17  1:34  Hatchery  
  17  1:37  Zergling x6  
  19  1:45  Queen  
  21  1:49  Overlord  
  21  2:01  Drone  
  22  2:20  Hatchery  
  21  2:25  Drone  
  22  2:34  Queen  
  24  2:50  Zergling x8  
  28  2:56  Metabolic Boost  
  28  3:15  Roach Warren  
  28  3:16  Overlord  
  27  3:28  Drone  
  27  3:34  Queen  
  30  3:44  Drone x2  
  32  3:56  Extractor  
  32  3:59  Zergling x8  
  35  4:05  Overlord  
  33  4:26  Spore Crawler  
  32  4:33  Roach  
  32  4:34  Roach x2  
  38  4:43  Drone x3  
  41  5:08  Lair  
  41  5:11  Drone x4  
  45  5:20  Drone x2  
  47  5:44  Drone x3  
  29  6:34  Hydralisk Den  
  29  6:37  Queen  
  30  6:42  Drone x6  
  36  6:47  Roach x5  
  36  6:48  Roach x2  
  36  6:51  Overlord x2  
  50  6:59  Spore Crawler  
  49  7:14  Hydralisk x4  
  49  7:15  Hydralisk  
  59  7:24  Extractor  
  59  7:26  Extractor  
  59  7:29  Muscular Augments  
  57  7:31  Hydralisk  
  57  7:34  Hydralisk  
  61  7:53  Hydralisk x2  
  61  7:55  Zergling x2  
  66  7:59  Overlord x2  
  33  8:42  Hydralisk  
  33  8:43  Hydralisk x8  
  51  8:53  Drone x4  
  55  9:04  Drone x3  
  58  9:23  Evolution Chamber  
  43  9:35  Hydralisk x7  
  44  9:50  Hydralisk  
  44  9:51  Hydralisk  
  49  9:52  Zergling x2  
  49  9:53  Zergling x6  
  50  10:24  Hydralisk x3  
  42  11:06  Hydralisk  
  42  11:07  Hydralisk x4  
  42  11:08  Zergling x10  
  42  11:09  Zergling x16  
Tags
 
Add a new tag
Caveats
  • Supply blocks, unpowered buildings, or Contaminate may cause inaccurate times.
  • Supply counts are checked every 10 seconds.